[ PARTIDA AOE2 · #505990032 ]
UnrankedGurjaras vs Magyars
Equipo del jugador · VICT
Equipo rival · DERR
[ ANÁLISIS DE REPETICIÓN · EXTRAÍDO DE LA PARTIDA GRABADA ]
Feudal
9:00
Castillos
20:15
Imperial
—
| APM promedio | 60.1 |
| APM pico | 89 |
| eAPM promedio | 21.1 |
| Aldeanos / militares | 36 / 9 |
Foco
⚔️ 34.3% · 🌾 65.7%
Scout Cavalry ×8 · Spearman ×1
Feudal
10:16
Castillos
14:25
Imperial
—
| APM promedio | 45.2 |
| APM pico | 74 |
| eAPM promedio | 22.6 |
| Aldeanos / militares | 51 / 0 |
Foco
⚔️ 53.4% · 🌾 46.6%
Mapa de la partida
Recursos iniciales + cada clic de construcción. Líneas = muros · curvas = relieve. ◆ oro · ⬟ piedra · ● bayas · ✦ reliquia · ◌ hueco del cierre
Tu base· Abierta — flanco sin cerrar
Base de Hana· Abierta — flanco sin cerrar
Terreno inicial suavizado · ◌ = hueco del cierre detectado · pasá el cursor para detalles
Inputs por minuto
— Solaiman III - - Hana
Build order — Solaiman III
113 acciones detectadas en el replay
| 0:01 | Encolar | Villager (Male) |
| 0:02 | Construir | House |
| 0:03 | Construir | House |
| 0:12 | Encolar | Villager (Male) |
| 0:21 | Encolar | Villager (Male) |
| 0:29 | Encolar | Villager (Male) |
| 0:44 | Construir | Mill |
| 1:32 | Encolar | Villager (Male) |
| 1:32 | Encolar | Villager (Male) |
| 1:57 | Encolar | Villager (Male) |
| 2:28 | Encolar | Villager (Male) |
| 2:48 | Construir | House |
| 2:57 | Encolar | Villager (Male) |
| 3:10 | Encolar | Villager (Male) |
| 3:45 | Encolar | Villager (Male) |
| 3:45 | Encolar | Villager (Male) |
| 4:03 | Construir | Lumber Camp |
| 4:08 | Encolar | Villager (Male) |
| 4:17 | Encolar | Villager (Male) |
| 4:22 | Encolar | Villager (Male) |
| 5:22 | Encolar | Villager (Male) |
| 6:00 | Encolar | Villager (Male) |
| 6:02 | Investigar | Loom |
| 6:43 | Investigar | Feudal Age |
| 7:15 | Construir | House |
| 8:00 | Construir | Barracks |
| 8:56 | Construir | House |
| 9:00 | Edad | Edad Feudal |
| 9:01 | Construir | Stable |
| 9:03 | Encolar | Villager (Male) |
| 9:04 | Investigar | Double-Bit Axe |
| 9:05 | Investigar | Double-Bit Axe |
| 9:08 | Encolar | Villager (Male) |
| 9:29 | Encolar | Spearman |
| 9:33 | Investigar | Horse Collar |
| 9:33 | Investigar | Horse Collar |
| 9:34 | Encolar | Villager (Male) |
| 9:37 | Encolar | Scout Cavalry |
| 9:37 | Encolar | Scout Cavalry |
| 9:45 | Construir | House |
| 9:53 | Encolar | Villager (Male) |
| 9:58 | Construir | Farm |
| 10:07 | Encolar | Scout Cavalry |
| 10:12 | Construir | House |
| 10:14 | Construir | Palisade Wall |
| 10:24 | Construir | Farm |
| 10:43 | Encolar | Villager (Male) |
| 10:47 | Construir | Palisade Wall |
| 10:51 | Encolar | Villager (Male) |
| 11:03 | Encolar | Scout Cavalry |
| 11:31 | Construir | Watch Tower |
| 11:36 | Encolar | Villager (Male) |
| 11:38 | Construir | Mining Camp |
| 11:43 | Encolar | Villager (Male) |
| 11:48 | Construir | Farm |
| 11:50 | Construir | Farm |
| 11:52 | Encolar | Villager (Male) |
| 12:36 | Encolar | Villager (Male) |
| 12:38 | Construir | Farm |
| 12:39 | Construir | Farm |
| 12:55 | Construir | Palisade Wall |
| 12:56 | Construir | Palisade Wall |
| 12:57 | Construir | Palisade Wall |
| 12:58 | Construir | Palisade Wall |
| 12:59 | Construir | Palisade Wall |
| 13:00 | Construir | Palisade Wall |
| 13:04 | Encolar | Villager (Male) |
| 13:09 | Construir | Farm |
| 13:10 | Encolar | Villager (Male) |
| 13:17 | Construir | Watch Tower |
| 13:23 | Construir | Farm |
| 13:25 | Construir | Farm |
| 13:26 | Construir | Farm |
| 14:11 | Encolar | Villager (Male) |
| 14:13 | Construir | Farm |
| 14:15 | Construir | Farm |
| 14:17 | Encolar | Villager (Male) |
| 14:29 | Construir | Palisade Wall |
| 14:30 | Construir | Palisade Wall |
| 14:30 | Construir | Palisade Wall |
| 14:41 | Construir | Outpost |
| 14:44 | Encolar | Villager (Male) |
| 14:46 | Construir | Mining Camp |
| 15:23 | Construir | Watch Tower |
| 15:30 | Encolar | Villager (Male) |
| 16:05 | Encolar | Villager (Male) |
| 16:13 | Construir | Market |
| 16:49 | Encolar | Villager (Male) |
| 17:04 | Construir | House |
| 17:27 | Construir | Farm |
| 17:35 | Investigar | Castle Age |
| 17:35 | Investigar | Castle Age |
| 17:40 | Construir | Stable |
| 17:51 | Construir | House |
| 17:54 | Construir | Palisade Wall |
| 17:55 | Construir | Palisade Wall |
| 17:56 | Construir | Palisade Wall |
| 17:57 | Construir | Palisade Wall |
| 18:15 | Investigar | Bloodlines |
| 18:15 | Investigar | Bloodlines |
| 18:40 | Encolar | Scout Cavalry |
| 18:43 | Encolar | Scout Cavalry |
| 18:53 | Construir | Blacksmith |
| 19:30 | Construir | Mining Camp |
| 19:35 | Encolar | Scout Cavalry |
| 19:35 | Encolar | Scout Cavalry |
| 19:42 | Investigar | Scale Barding Armor |
| 19:42 | Investigar | Scale Barding Armor |
| 19:48 | Investigar | Forging |
| 20:01 | Encolar | Villager (Male) |
| 20:15 | Edad | Edad de los Castillos |
| 20:19 | Investigar | Light Cavalry (upgrade) |
| 20:19 | Investigar | Light Cavalry (upgrade) |
Build order — Hana
104 acciones detectadas en el replay
| 0:00 | Encolar | Villager (Male) |
| 0:01 | Encolar | Villager (Male) |
| 0:02 | Construir | House |
| 0:04 | Construir | House |
| 0:04 | Encolar | Villager (Male) |
| 0:04 | Encolar | Villager (Male) |
| 1:21 | Encolar | Villager (Male) |
| 1:22 | Encolar | Villager (Male) |
| 1:27 | Construir | Lumber Camp |
| 1:50 | Encolar | Villager (Male) |
| 2:21 | Encolar | Villager (Male) |
| 2:50 | Encolar | Villager (Male) |
| 2:50 | Encolar | Villager (Male) |
| 3:21 | Encolar | Villager (Male) |
| 3:21 | Encolar | Villager (Male) |
| 3:26 | Construir | House |
| 3:28 | Construir | House |
| 3:53 | Encolar | Villager (Male) |
| 3:54 | Encolar | Villager (Male) |
| 4:21 | Encolar | Villager (Male) |
| 4:21 | Encolar | Villager (Male) |
| 4:42 | Encolar | Villager (Male) |
| 4:42 | Encolar | Villager (Male) |
| 4:48 | Construir | Mill |
| 4:56 | Encolar | Villager (Male) |
| 4:57 | Encolar | Villager (Male) |
| 4:57 | Encolar | Villager (Male) |
| 5:26 | Encolar | Villager (Male) |
| 5:58 | Encolar | Villager (Male) |
| 5:58 | Encolar | Villager (Male) |
| 6:06 | Encolar | Villager (Male) |
| 6:06 | Encolar | Villager (Male) |
| 6:22 | Construir | Farm |
| 6:25 | Construir | Farm |
| 6:57 | Encolar | Villager (Male) |
| 7:13 | Investigar | Loom |
| 7:39 | Construir | Mining Camp |
| 8:00 | Investigar | Feudal Age |
| 9:06 | Construir | Palisade Wall |
| 9:08 | Construir | Palisade Wall |
| 9:10 | Construir | Palisade Wall |
| 9:22 | Encolar | Villager (Male) |
| 10:02 | Encolar | Villager (Male) |
| 10:16 | Edad | Edad Feudal |
| 10:20 | Construir | Market |
| 10:22 | Construir | Blacksmith |
| 10:28 | Construir | Blacksmith |
| 11:02 | Encolar | Villager (Male) |
| 11:30 | Construir | Palisade Wall |
| 11:32 | Construir | Palisade Wall |
| 11:33 | Construir | Palisade Wall |
| 11:45 | Investigar | Castle Age |
| 12:13 | Construir | Palisade Gate |
| 12:41 | Construir | House |
| 12:47 | Construir | House |
| 13:36 | Construir | Palisade Gate |
| 14:25 | Edad | Edad de los Castillos |
| 14:39 | Encolar | Villager (Male) |
| 14:45 | Construir | Town Center |
| 14:53 | Encolar | Villager (Male) |
| 15:05 | Construir | House |
| 15:06 | Construir | Palisade Gate |
| 15:18 | Encolar | Villager (Male) |
| 15:34 | Encolar | Villager (Male) |
| 15:34 | Encolar | Villager (Male) |
| 15:44 | Encolar | Villager (Male) |
| 15:51 | Investigar | Town Watch |
| 16:48 | Construir | Lumber Camp |
| 16:49 | Encolar | Villager (Male) |
| 16:49 | Encolar | Villager (Male) |
| 16:52 | Construir | Farm |
| 16:56 | Construir | Farm |
| 17:00 | Construir | Farm |
| 17:43 | Construir | Lumber Camp |
| 18:02 | Encolar | Villager (Male) |
| 18:08 | Construir | Farm |
| 18:11 | Construir | Farm |
| 18:18 | Construir | House |
| 18:29 | Encolar | Villager (Male) |
| 18:29 | Encolar | Villager (Male) |
| 18:37 | Construir | Farm |
| 18:49 | Construir | Farm |
| 18:50 | Encolar | Villager (Male) |
| 18:50 | Encolar | Villager (Male) |
| 18:58 | Construir | Siege Workshop |
| 19:05 | Construir | House |
| 19:08 | Construir | Palisade Wall |
| 19:10 | Construir | Palisade Wall |
| 19:13 | Encolar | Villager (Male) |
| 19:15 | Construir | Farm |
| 19:16 | Construir | Farm |
| 19:34 | Construir | Farm |
| 19:42 | Construir | House |
| 19:44 | Encolar | Villager (Male) |
| 19:44 | Encolar | Villager (Male) |
| 19:47 | Construir | Farm |
| 19:59 | Construir | Farm |
| 20:09 | Construir | Farm |
| 20:09 | Encolar | Villager (Male) |
| 20:09 | Encolar | Villager (Male) |
| 20:15 | Encolar | Villager (Male) |
| 20:16 | Encolar | Villager (Male) |
| 20:42 | Construir | Mining Camp |
| 20:43 | Encolar | Villager (Male) |
Cronología de la partida
| 8:00 | Solaiman III · first_building Barracks |
| 9:00 | Solaiman III · age_up feudal |
| 9:01 | Solaiman III · first_building Stable |
| 9:06 | Hana · wall_segment Palisade Wall x1 |
| 9:08 | Hana · wall_segment Palisade Wall x1 |
| 9:10 | Hana · wall_segment Palisade Wall x1 |
| 10:14 | Solaiman III · wall_segment Palisade Wall x1 |
| 10:16 | Hana · age_up feudal |
| 10:47 | Solaiman III · wall_segment Palisade Wall x1 |
| 11:30 | Hana · wall_segment Palisade Wall x1 |
| 11:32 | Hana · wall_segment Palisade Wall x1 |
| 11:33 | Hana · wall_segment Palisade Wall x1 |
| 12:55 | Solaiman III · wall_segment Palisade Wall x1 |
| 12:56 | Solaiman III · wall_segment Palisade Wall x1 |
| 12:57 | Solaiman III · wall_segment Palisade Wall x1 |
| 12:58 | Solaiman III · wall_segment Palisade Wall x1 |
| 12:59 | Solaiman III · wall_segment Palisade Wall x1 |
| 13:00 | Solaiman III · wall_segment Palisade Wall x1 |
| 14:03 | Hana · first_market_sell 100 food |
| 14:24 | Hana · first_market_buy 100 wood |
| 14:25 | Hana · age_up castle |
| 14:29 | Solaiman III · wall_segment Palisade Wall x1 |
| 14:30 | Solaiman III · wall_segment Palisade Wall x1 |
| 14:30 | Solaiman III · wall_segment Palisade Wall x1 |
| 17:14 | Solaiman III · first_market_sell 100 stone |
| 17:14 | Solaiman III · first_market_buy 100 food |
| 17:54 | Solaiman III · wall_segment Palisade Wall x1 |
| 17:55 | Solaiman III · wall_segment Palisade Wall x1 |
| 17:56 | Solaiman III · wall_segment Palisade Wall x1 |
| 17:57 | Solaiman III · wall_segment Palisade Wall x1 |
| 18:58 | Hana · first_building Siege Workshop |
| 19:08 | Hana · wall_segment Palisade Wall x1 |
| 19:10 | Hana · wall_segment Palisade Wall x1 |
| 20:15 | Solaiman III · age_up castle |
| 20:58 | Hana · resign |
[ ANÁLISIS IA · 1 CRÉDITO ]
¿Qué pasó realmente en esta partida?
Wolo.gg analiza cada decisión: build order, eco, micro, errores típicos por bracket. Análisis personalizado por WhatsApp o Discord en 30 segundos.
Guía civ
Gurjaras
Perfil
Jugador #10590084